 Dungeon Crawl Stone Soup version 0.29-a0-270-g1586fc07ea (webtiles) character file.

Game seed: 6561342638490332762

5571 sammy202020 the Protected (level 10, -18/91 HPs)
             Began as a Minotaur Fighter on Mar 8, 2022.
             Demolished by an orc knight
             ... wielding a +0 war axe
              (31 damage)
             ... in a bailey.
             The game lasted 00:19:26 (7727 turns).

sammy202020 the Protected (Minotaur Fighter)        Turns: 7727, Time: 00:19:27

Health: -18/91     AC: 37    Str: 21    XL:     10   Next: 44%
Magic:  9/9        EV:  5    Int: 12    God:
Gold:   529        SH:  6    Dex: 10    Spells: 9/9 levels left

rFire   . . .      SeeInvis .   a - +2 war axe (drain)
rCold   + . .      Faith    .   A - +1 buckler {rN+}
rNeg    + . .      Spirit   .   c - +8 orange crystal plate armour {Archmagi, Int+3 Clar}
rPois   .          Reflect  .   b - +2 hat
rElec   .          Harm     .   o - +1 cloak
rCorr   .          Rampage  .   s - +0 pair of gloves
Will    .....      Archmagi +   (no boots)
Stlth   .......... Clarity  +   (no amulet)
HPRegen 0.25/turn               g - ring of protection from cold
MPRegen 0.11/turn               (no ring)

@: lethally poisoned (-18 -> -20), slowed, unable to read, very slow
A: horns 2, retaliatory headbutt, iridescent scales 1, evolution 1, inability to
read while threatened
a: no special abilities


You were in a bailey.
You visited 1 branch of the dungeon, and saw 8 of its levels.
You also visited: Bailey.

You collected 746 gold pieces.
You spent 217 gold pieces at shops.

Inventory:

Hand Weapons
 a - a +2 war axe of draining (weapon)
 t - a +0 flail
 B - a +3 flail
 D - a +0 flail
Missiles
 y - a throwing net (quivered)
Armour
 b - a +2 hat (worn)
 c - the +8 orange crystal plate armour (worn) {Archmagi, Int+3 Clar}
   (You acquired it on level 7 of the Dungeon)

   Int:       It affects your intelligence (+3).
   Clar:      It protects you against confusion.
 o - a +1 cloak (worn)
 p - the +1 robe of Inference {*Slow rF+++ rC+ Will+}
   (You found it on level 2 of the Dungeon)

   rF:        It renders you almost immune to fire.
   rC:        It protects you from cold.
   *Slow:     It may slow you when you take damage.
   Will:      It increases your willpower.
 s - a +0 pair of gloves (worn)
 A - a +1 buckler of positive energy (worn)
Jewellery
 g - a ring of protection from cold (left hand)
 r - a ring of fire
Wands
 m - a wand of acid (6)
 w - a wand of flame (22)
 C - a wand of iceblast (13)
Scrolls
 d - a scroll of identify
 u - a scroll of magic mapping
 v - a scroll of teleportation
 x - 2 scrolls of silence
Potions
 f - 4 potions of lignification
 h - 3 potions of mutation
 i - 2 potions of flight
 j - 2 potions of degeneration
 k - 2 potions of curing {unknown}
 l - 3 potions of heal wounds
 n - 2 potions of brilliance {unknown}
 q - a potion of magic {unknown}
 z - 2 potions of haste {unknown}


   Skills:
 + Level 9.5 Fighting
 + Level 9.0 Axes
 * Level 11.0 Armour
 + Level 6.4 Dodging
 - Level 7.5 Shields


You had 9 spell levels left.
You didn't know any spells.
Your spell library contained the following spells:

 Spells                   Type           Power      Damage    Failure   Level
 Sandblast                Erth           0%         2d4       100%        1
 Corpse Rot               Necr/Air       0%         N/A       100%        2
 Passwall                 Tmut/Erth      0%         N/A       100%        2
 Stone Arrow              Conj/Erth      0%         3d7       100%        3
 Dispel Undead            Necr           0%         3d6       100%        4
 Petrify                  Tmut/Erth      0%         N/A       100%        4
 Metabolic Englaciation   Hex/Ice        0%         N/A       100%        5
 Death Channel            Necr           0%         N/A       100%        6
 Statue Form              Tmut/Erth      0%         N/A       100%        6


Dungeon Overview and Level Annotations

Branches:
Dungeon (8/15)             Temple (0/1) D:6          Bailey (1/1)
   Lair: D:8-11

Altars:
Cheibriados
Gozag
Okawaru

Shops:
D:5 *=   D:6 [?

Annotations:
D:5 2 transporters, avis's ghost, novice HOTm


Innate Abilities, Weirdness & Mutations

You have a pair of horns on your head.
You reflexively headbutt those who attack you in melee.
You are partially covered in iridescent scales. (AC +2)
You have hidden genetic potential.
You sometimes lose the ability to read scrolls when taking damage.


Message History

It was a potion of heal wounds.
You feel much better.
You feel very sick. The kobold brigand barely misses you.
You furiously retaliate!
You headbutt the kobold brigand!
You kill the kobold brigand!
The kobold brigand barely misses you.
Your Armour skill increases to level 11!
You hit the kobold brigand but do no damage.
You drain the kobold brigand.
Your headbutt misses the kobold brigand.
The kobold brigand is almost dead.
You feel very sick.
The kobold brigand hits you but does no damage.
You block the kobold brigand's attack.
The orc knight hits you but does no damage.
You slash the orc knight! You drain the orc knight.
You headbutt the orc knight!
The orc knight is moderately wounded.
You hit the kobold brigand but do no damage.
You drain the kobold brigand.
You kill the kobold brigand!
You feel sick.
The orc knight hits you with a +0 war axe.
* * * LOW HITPOINT WARNING * * *
The orc knight roars a battlecry!
The orc knight goes into a battle-frenzy!
The orc knight hits you with a +0 war axe.
* * * LOW HITPOINT WARNING * * *
Your Axes skill increases to level 9!
You hit the orc knight. You drain the orc knight.
The orc knight is heavily wounded.
You feel sick. You block the orc knight's attack.
You barely miss the orc knight.
The orc knight is heavily wounded.
You barely miss the orc knight.
You can read scrolls again.
You feel sick.
The orc knight hits you with a +0 war axe!!
You feel threatened and lose the ability to read scrolls!
You die...

#....≈≈.......≈≈..
#.###≈≈.......≈≈##
#....≈≈.......≈≈.
#####≈≈.......≈≈#
##≈.......≈#
####'''####
##.)...##
#∩....(∩#
#..@8...#
##.ooo.## ###o###
#.o.# .......
...........
...............
...............
#.............#


You could see 2 orc knights and 3 orc warriors.

Vanquished Creatures
  A two-headed ogre (D:8)
  An ugly thing (D:8)
  2 kobold demonologists (D:7)
  A steam dragon (D:7)
  Eustachio (D:5)
  An acid dragon (D:6)
  3 orc warriors
  2 ice beasts (D:7)
  2 black bears
  3 ogres
  3 centaurs
  2 phantoms
  A bullfrog (D:6)
  8 kobold brigands
  2 scorpions
  9 wights
  4 killer bees (D:8)
  4 howler monkeys
  4 hounds
  3 orc priests
  Crazy Yiuf (D:7)
  A jelly (D:5)
  3 iguanas
  11 orc wizards
  6 adders
  3 gnolls (D:7)
  A shadow imp (D:6)
  A white imp (D:7)
  3 dart slugs
  2 worms
  49 orcs
  4 bats
  7 endoplasms
  4 giant cockroaches
  8 goblins
  15 hobgoblins
  5 jackals (D:1)
  28 kobolds
  2 quokkas (D:4)
  2 ball pythons
  4 frilled lizards
  6 rats
223 creatures vanquished.

Vanquished Creatures (others)
  A white imp (D:7)
  10 plants
11 creatures vanquished.

Grand Total: 234 creatures vanquished

Notes
Turn   | Place    | Note
-------+----------+-------------------------------------------
     0 | D:1      | sammy202020 the Minotaur Fighter began the quest for the
                  | Orb.
     0 | D:1      | Reached XP level 1. HP: 19/19 MP: 0/0
   151 | D:1      | Reached XP level 2. HP: 23/27 MP: 1/1
   807 | D:2      | Reached skill level 4 in Armour
   814 | D:2      | Reached XP level 3. HP: 32/33 MP: 2/2
   964 | D:2      | Identified the +1 robe of Inference {*Slow rF+++ rC+ Will+}
  1415 | D:2      | Found a faded altar of an unknown god.
  1733 | D:3      | Reached skill level 1 in Dodging
  1733 | D:3      | Reached XP level 4. HP: 27/40 MP: 3/3
  2656 | D:4      | Reached XP level 5. HP: 41/47 MP: 4/4
  2812 | D:4      | Reached skill level 5 in Fighting
  2812 | D:4      | Reached skill level 5 in Shields
  2815 | D:4      | Noticed a phantom
  2825 | D:4      | Killed a phantom
  2826 | D:4      | Reached skill level 5 in Armour
  2826 | D:4      | Reached XP level 6. HP: 28/56 MP: 5/5
  3447 | D:4      | Found an iron altar of Okawaru.
  3530 | D:4      | Reached XP level 7. HP: 61/61 MP: 6/6
  3679 | D:4      | Reached skill level 5 in Axes
  4023 | D:5      | Entered Level 5 of the Dungeon
  4029 | D:5      | Reached skill level 6 in Armour
  4108 | D:5      | Found Jipliap's General Store.
  4121 | D:5      | Found Zecez's One-of-a-Kind Rings.
  4132 | D:5      | Reached XP level 8. HP: 22/71 MP: 7/7
  4244 | D:5      | Noticed Eustachio
  4290 | D:5      | Killed Eustachio
  4471 | D:5      | Found a snail-covered altar of Cheibriados.
  4692 | D:5      | Noticed avis's ghost (novice HOTm)
  4761 | D:5      | Found a transporter.
  4767 | D:5      | Found a transporter.
  4861 | D:5      | Found an opulent altar of Gozag.
  4878 | D:6      | Reached skill level 7 in Armour
  4923 | D:6      | Found Alodig's Magic Scroll Shoppe.
  5175 | D:6      | Found a staircase to the Ecumenical Temple.
  5278 | D:6      | Found Ohetueg's Antique Armour Shop.
  5287 | D:6      | Bought a glowing buckler for 217 gold pieces
  5485 | D:7      | Reached XP level 9. HP: 43/79 MP: 8/8
  5507 | D:7      | Identified a scroll of acquirement
  5507 | D:7      | Acquired the +8 orange crystal plate armour {Archmagi,
                  | Int+3 Clar}
  5507 | D:7      | Found the +8 orange crystal plate armour {Archmagi, Int+3
                  | Clar}
  5733 | D:7      | Reached skill level 8 in Armour
  6268 | D:7      | Noticed a kobold demonologist
  6268 | D:7      | Noticed a kobold demonologist
  6278 | D:7      | Killed a kobold demonologist
  6281 | D:7      | Killed a kobold demonologist
  6282 | D:7      | Reached skill level 9 in Armour
  6282 | D:7      | Reached skill level 5 in Dodging
  6590 | D:7      | Found a runed translucent door.
  6591 | D:7      | Noticed Crazy Yiuf
  6649 | D:7      | Killed Crazy Yiuf
  6773 | D:7      | Gained mutation: You sometimes lose the ability to read
                  | scrolls when taking damage. [potion of mutation]
  6773 | D:7      | Gained mutation: You are partially covered in iridescent
                  | scales. (AC +2) [potion of mutation]
  6773 | D:7      | Gained mutation: You have hidden genetic potential. [potion
                  | of mutation]
  7027 | D:8      | Noticed a two-headed ogre
  7030 | D:8      | Killed a two-headed ogre
  7031 | D:8      | Reached skill level 10 in Armour
  7031 | D:8      | Reached XP level 10. HP: 91/91 MP: 9/9
  7057 | D:8      | Noticed a red ugly thing
  7069 | D:8      | Killed a red ugly thing
  7317 | D:8      | Found a flagged portal.
  7327 | Bailey   | Entered a bailey
  7704 | Bailey   | Noticed an orc knight
  7704 | Bailey   | Noticed an orc knight
  7724 | Bailey   | Reached skill level 11 in Armour
  7727 | Bailey   | Demolished by an orc knight

Illustrated notes

Levels and vault maps discovered:
D:1:      dpeg_arrival_line_fractal, layout_basic, minmay_parallelograms,
          minmay_tetromino_l4
D:2:      layout_loops_ring, shapermc_ecumenical_altar_notcrosses,
          serial_bayou_ford_a
D:3:      layout_basic
D:4:      layout_gridville, lemuel_doored_altar, kennysheep_decorative_pillar
D:5:      layout_cave_pools, kennysheep_slug_shrine, kennysheep_mini_moat,
          gammafunk_ghost_gnarly_gnolls, serial_shops, shop, minivault_19,
          chequers_arboretum, minmay_statues_item, nicolae_shop_unique_rings,
          uniq_eustachio
D:6:      layout_rooms, minmay_temple_entry_mini_moons, serial_shops,
          shop_statue, nicolae_shop_crystal
D:7:      corexii_shantytown, layout_basic, uniq_crazy_yiuf_cottage
D:8:      wad_cavern_with_rooms, layout_layer_cave,
          mainiacjoe_overflow_tiny_flanked, serial_shops,
          nicolae_shop_hallway_stairs, enter_bailey_2, uniq_pikel
Bailey:   bailey_axe_3, bailey

Skill      XL: |  1  2  3  4  5  6  7  8  9 10 |
---------------+-------------------------------+-----
Shields        | 4 5 6 7 |  7.5
Fighting       | 4 5 6 7 9 |  9.5
Axes           | 3 4 5 7 8 9 |  9.0
Armour         | 4 5 6 7 10 11 | 11.0
Dodging        | 1 2 3 4 5 6 |  6.4

Action                   |  1- 3 |  4- 6 |  7- 9 | 10-12 || total
-------------------------+-------+-------+-------+-------++-------
Melee: War axe           |    93 |    87 |   270 |    80 ||   530
       Headbutt          |     9 |    13 |    49 |    15 ||    86
  Use: Scroll            |       |    10 |    11 |       ||    21
       Potion            |       |     1 |     2 |     2 ||     5
Armor: Scale mail        |    23 |       |       |       ||    23
       Chain mail        |    32 |     2 |       |       ||    34
       Plate armour      |       |    72 |   109 |       ||   181
       Crystal plate arm |       |       |    88 |   109 ||   197
Dodge: Dodged            |    33 |    19 |    78 |    36 ||   166
Block: Buckler           |    19 |    21 |    79 |    40 ||   159

Table legend: (Time is in decaauts)
 A = Elapsed time spent in this place.
 B = Non-inter-level travel time spent in this place.
 C = Inter-level travel time spent in this place.
 D = Time resting spent in this place.
 E = Time spent auto-exploring this place.
 F = Levels seen in this place.
 G = Mean time per level.
                   A        B        C        D        E       F      G
               +--------+--------+--------+--------+--------+-----+--------+
         Total |   7895 |   7692 |    203 |    687 |   5290 |   9 |  877.2 |
       Dungeon |   7461 |   7258 |    203 |    412 |   5260 |   8 |  932.6 |
        Bailey |    434 |    434 |      0 |    275 |     30 |   1 |  434.0 |
               +--------+--------+--------+--------+--------+-----+--------+

Top non-repeatable levels by time:
     D:4: 1445 daAuts
     D:7: 1387 daAuts
     D:3: 1086 daAuts
     D:5: 866 daAuts
     D:1: 815 daAuts
     D:2: 756 daAuts
     D:6: 597 daAuts
     D:8: 506 daAuts
  Bailey: 434 daAuts
